 Dungeon Crawl Stone Soup version 0.28.0 (webtiles) character file.

Game seed: 15281403292384501820

4 sanka the Magician (level 1, 11/11 HPs)
             Began as a Deep Elf Transmuter on Feb 8, 2022.
             Was a Follower of Makhleb.
             Quit the game on level 1 of the Dungeon.
             The game lasted 00:00:25 (122 turns).

sanka the Magician (Deep Elf Transmuter)             Turns: 122, Time: 00:00:25

Health: 11/11      AC:  2    Str:  7    XL:     1   Next: 50%
Magic:  7/7        EV: 12    Int: 17    God:    Makhleb [*.....]
Gold:   0          SH:  0    Dex: 15    Spells: 6/7 levels left

rFire   . . .      SeeInvis .     - Unarmed
rCold   . . .      Faith    .   (no shield)
rNeg    . . .      Spirit   .   a - +0 robe
rPois   .          Reflect  .   (no helmet)
rElec   .          Harm     .   (no cloak)
rCorr   .          Rampage  .   (no gloves)
Will    .....                   (no boots)
Stlth   +.........              (no amulet)
HPRegen 0.03/turn               (no ring)
MPRegen 0.10/turn               (no ring)

@: no status effects
A: no striking features
a: Renounce Religion


You were on level 1 of the Dungeon.
You worshipped Makhleb.
Makhleb was aware of your devotion.
You visited 1 branch of the dungeon, and saw 1 of its levels.

Inventory:

Armour
 a - a +0 robe (worn)


   Skills:
 - Level 0.7 Fighting
 - Level 2.4 Dodging
 - Level 2.4 Unarmed Combat
 + Level 3.5 Spellcasting
 - Level 2.1 Transmutations


You had 6 spell levels left.
You knew the following spells:

 Your Spells              Type           Power      Damage    Failure   Level
a - Beastly Appendage     Tmut           20%        N/A       7%          1

Your spell library contained the following spells:

 Spells                   Type           Power      Damage    Failure   Level
 Wereblood                Tmut           10%        N/A       11%         2
 Spider Form              Tmut/Pois      6%         N/A       32%         3
 Ice Form                 Ice/Tmut       6%         N/A       71%         4


Dungeon Overview and Level Annotations

Branches:
Dungeon (1/15)

Altars:
Makhleb


Message History

You start resting.
Your horns disappear.
Your talons disappear.
HP restored.
An endoplasm comes into view.
An endoplasm is nearby!
An endoplasm is nearby!
Found a faded altar of an unknown god.
You grow a pair of large bovine horns.
Your feet morph into talons.
A quokka comes into view.
The endoplasm quivers.
Your transformation is almost over.
You extend your transformation's duration.
You hit the quokka. You punch the quokka.
You kill the quokka!
You see here a quokka corpse.
You barely miss the endoplasm.
You claw the endoplasm, but do no damage.
The endoplasm freezes you.
You are frozen.
You hit the endoplasm.
The endoplasm is almost dead.
The endoplasm completely misses you.
You hit the endoplasm.
You kill the endoplasm!
Your transformation is almost over.
You start resting.
HP restored.
You start resting.
Your horns disappear.
Your talons disappear.
Magic restored.
A hobgoblin comes into view.
The hobgoblin shouts!
Found a scroll labelled LESSELUAPU.
Found an escape hatch in the floor.
There is a faded altar of an unknown god here.
You cannot tell which god this altar belongs to.
Convert to them anyway?
Makhleb accepts your prayer! Makhleb welcomes you!
You can now gain health from killing.
Are you sure you want to abandon this character and quit the game? (Confirm with "yes".)

......> ......
.......##......
..............#
#............#
#............#
............# ..
#.........# ...
#..@......#
...##.........# ##
...........##..? ...
...........##########.##
.................g......
....................#.
....................#
....................#
#..........#........#


There were no monsters in sight!

Vanquished Creatures
  An endoplasm (D:1)
  A quokka (D:1)
  2 bats (D:1)
4 creatures vanquished.

Notes
Turn   | Place    | Note
-------+----------+-------------------------------------------
     0 | D:1      | sanka the Deep Elf Transmuter began the quest for the Orb.
     0 | D:1      | Reached XP level 1. HP: 11/11 MP: 6/6
    70 | D:1      | Found a faded altar of an unknown god.
   121 | D:1      | Prayed at the altar of an unknown god.
   121 | D:1      | Became a worshipper of Makhleb the Destroyer
   121 | D:1      | Reached * piety under Makhleb
   122 | D:1      | Quit the game

Illustrated notes

Levels and vault maps discovered:
D:1:      dpeg_arrival_pits, layout_basic, serial_shops, shop,
          basic_ecumenical_altar, roderic_serpentine_path, grunt_decor_junction

Action                   || total
-------------------------++-------
Melee: Unarmed           ||    18
       Kick              ||     3
       Punch             ||     1
 Cast: Beastly Appendage ||     3
Armor: Robe              ||     7
Dodge: Dodged            ||    20
